 Dungeon Crawl Stone Soup version 0.28.0-53-g5a82cb258f (webtiles) character file.

Game seed: 13459205848739803029

13086 Peloso the Carver (level 11, -4/95 HPs)
             Began as a Minotaur Fighter on Aug 9, 2022.
             Was a High Priest of Okawaru.
             Slain by a vampire mosquito (6 damage)
             ... on level 12 of the Dungeon.
             The game lasted 00:19:05 (10234 turns).

Peloso the Carver (Minotaur Fighter)               Turns: 10234, Time: 00:19:06

Health: -4/95      AC: 23    Str: 22    XL:     11   Next: 71%
Magic:  10/12      EV: 10    Int:  8    God:    Okawaru [*****.]
Gold:   560        SH:  7    Dex: 13    Spells: 10/10 levels left

rFire   . . .      SeeInvis .   a - +3 falchion (elec)
rCold   . . .      Faith    .   c - +0 buckler
rNeg    . . .      Spirit   .   x - +0 plate armour
rPois   .          Reflect  .   G - +2 hat "Daops" {Int+3 Slay+2}
rElec   .          Harm     .   u - +0 cloak
rCorr   .          Rampage  .   s - +0 pair of gloves
Will    .....                   (no boots)
Stlth   ..........              (no amulet)
HPRegen 0.25/turn               (no ring)
MPRegen 0.13/turn               (no ring)

@: heroic
A: horns 2, retaliatory headbutt
a: Renounce Religion, Heroism, Finesse, Duel


You were on level 12 of the Dungeon.
You worshipped Okawaru.
Okawaru was extremely pleased with you.
You visited 2 branches of the dungeon, and saw 11 of its levels.
You also visited: Bailey.

You collected 560 gold pieces.

Inventory:

Hand Weapons
 a - a +3 falchion of electrocution (weapon)
 b - the +5 dagger "Qon Caku" {freeze, SInv Stlth+}
   (You found it on level 4 of the Dungeon)

   It freezes those it strikes, dealing additional cold damage.
   It can also slow down cold-blooded creatures.
   SInv:      It lets you see invisible.
   Stlth:     It makes you more stealthy.
Missiles
 i - a throwing net (quivered)
Armour
 c - a +0 buckler (worn)
 f - a +0 cloak
 p - a +0 chain mail
 s - a +0 pair of gloves (worn)
 u - a +0 cloak (worn)
 x - a +0 plate armour (worn)
 G - the +2 hat "Daops" (worn) {Int+3 Slay+2}
   (Okawaru gifted it to you on level 9 of the Dungeon)

   Int:       It affects your intelligence (+3).
   Slay:      It affects your accuracy & damage with ranged weapons and melee
   (+2).
Jewellery
 B - a +6 ring of dexterity
Wands
 m - a wand of paralysis (11)
 q - a wand of acid (3)
 y - a wand of digging (3)
 D - a wand of iceblast (8)
 H - a wand of flame (7)
Scrolls
 e - 4 scrolls of fog
 k - a scroll of fear
 o - 2 scrolls of magic mapping
 r - 2 scrolls of brand weapon
 v - a scroll of acquirement
 C - 2 scrolls of identify
 E - a scroll of enchant armour {unknown}
Potions
 d - a potion of might
 g - 5 potions of curing
 h - a potion of magic
 l - 2 potions of haste
 t - 2 potions of invisibility {unknown}
 w - a potion of degeneration {unknown}
 z - a potion of attraction {unknown}
 A - 2 potions of lignification {unknown}
Miscellaneous
 F - a phial of floods


   Skills:
 + Level 8.9(13.9) Fighting
 + Level 3.9(13.9) Short Blades
 + Level 13.4(18.7) Long Blades
 + Level 12.8(17.8) Armour
 + Level 3.3(8.3) Dodging
 + Level 1.6(6.6) Stealth
 + Level 8.4(13.4) Shields
 + Level 3.2 Invocations
 + Level 0.8 Evocations


You had 10 spell levels left.
You didn't know any spells.
Your spell library contained the following spells:

 Spells                   Type           Power      Damage    Failure   Level
 Corpse Rot               Necr/Air       0%         N/A       99%         2
 Poisonous Vapours        Pois/Air       0%         N/A       99%         2
 Dazzling Flash           Conj/Hex       0%         N/A       100%        3
 Frozen Ramparts          Ice            0%         1d2       100%        3
 Ice Form                 Ice/Tmut       0%         N/A       100%        4
 Petrify                  Tmut/Erth      0%         N/A       100%        4
 Agony                    Necr           0%         N/A       100%        5
 Metabolic Englaciation   Hex/Ice        0%         N/A       100%        5
 Silence                  Hex/Air        0%         N/A       100%        5
 Statue Form              Tmut/Erth      0%         N/A       100%        6
 Summon Ice Beast         Ice/Summ       Unusable   N/A       N/A         4

Dungeon Overview and Level Annotations

Branches:
Dungeon (9/15)             Temple (1/1) D:4             Orc (0/2) D:12
 Bailey (visited)
   Lair: D:8-11

Altars:
Ashenzari
Cheibriados
Dithmenos
Elyvilon
Fedhas
Hepliaklqana
Makhleb
Nemelex Xobeh
Okawaru
Qazlal
Ru
Sif Muna
Trog
Uskayaw
Vehumet
Wu Jian
Xom
Yredelemnul
The Shining One

Shops:
D:8 :


Innate Abilities, Weirdness & Mutations

You have a pair of horns on your head.
You reflexively headbutt those who attack you in melee.


Message History

The vampire mosquito bites you but does no damage.
The vampire mosquito bites you but does no damage.
The vampire mosquito bites you.
* * * LOW HITPOINT WARNING * * *
The vampire mosquito draws strength from your injuries!
The vampire mosquito bites you but does no damage.
The vampire mosquito bites you but does no damage.
As you read the scroll of fear, it crumbles to dust.
You assume a fearsome visage.
The two-headed ogre looks frightened!
The two-headed ogre resists with some effort.
The vampire mosquito is unaffected.
The two-headed ogre looks frightened!
The vampire mosquito bites you but does no damage.
The vampire mosquito barely misses you.
The two-headed ogre seems to regain its courage.
The vampire mosquito bites you but does no damage.
You gain the combat prowess of a mighty hero.
The vampire mosquito barely misses you.
The two-headed ogre hits you with a +0 giant club.
* * * LOW HITPOINT WARNING * * *
The two-headed ogre hits you but does no damage.
The vampire mosquito bites you but does no damage.
You slice the two-headed ogre!! You headbutt the two-headed ogre.
The two-headed ogre is heavily wounded.
You hear an angry buzzing noise.
A vampire mosquito comes into view.
The vampire mosquito bites you but does no damage.
The two-headed ogre closely misses you.
The two-headed ogre hits you with a +0 giant club!
* * * LOW HITPOINT WARNING * * *
You hear an angry buzzing noise.
You slash the two-headed ogre!
Lightning courses through the two-headed ogre!!
You kill the two-headed ogre!
Okawaru is honoured by your kill.
The vampire mosquito closely misses you.
Unknown command.
As you read the scroll of fear, it crumbles to dust.
You assume a fearsome visage.
The two-headed ogre looks frightened!
The vampire mosquito is unaffected. x2; The vampire mosquito bites you.
You die...

O. ##O .O #. ###O######
#..OO))ยง.# #.#.####.#
#.#.####.#######
####.#.#.....y.)@.#
.........##.#####y######
####....###.# #.O.....#
#.....##.# #O.####.#
#........# #..## #O#
###.###### #...# #.# #.#
#.#.# #.# #.# #.#.# #.#
##'## #.#.###.#


You could see a two-headed ogre (fleeing) and 2 vampire mosquitoes.

Vanquished Creatures
  2 vault guards (Bailey)
  An ogre mage (D:12)
  4 two-headed ogres
  Pikel (D:8)
  Joseph (D:7)
  Grinder (D:6)
  2 hornets (D:9)
  Prince Ribbit (Bailey)
  7 humans (Bailey)
  13 yaks
  Eustachio (D:6)
  4 wargs (D:12)
  An acid dragon (D:9)
  A water moccasin (D:9)
  2 black bears
  5 orc warriors
  2 sky beasts
  5 centaurs
  A lemure (D:8)
  12 bullfrogs
  A wyvern zombie (D:6)
  A gnoll sergeant (D:8)
  3 scorpions
  A killer bee (D:9)
  10 wights
  3 howler monkeys
  2 centaur zombies (D:9)
  5 hounds
  A bullfrog skeleton (D:6)
  A jelly (D:6)
  5 orc priests
  A centaur skeleton (D:4)
  Ijyb (D:5)
  Terence (D:3)
  A gnoll shaman (D:5)
  Natasha (thrice) (D:2)
  An iguana (D:6)
  4 orc wizards
  A hound skeleton (D:4)
  A hound zombie (D:5)
  4 adders
  15 gnolls
  A shadow imp (D:4)
  2 ufetubi
  2 adder skeletons (D:4)
  A dart slug (D:2)
  30 orcs
  4 bats
  5 endoplasms
  4 giant cockroaches
  8 goblins
  7 hobgoblins
  2 jackals (D:1)
  7 kobolds
  6 quokkas
  6 ball pythons
  5 frilled lizards
  6 rats
229 creatures vanquished.

Vanquished Creatures (others)
  14 plants (D:3)
14 creatures vanquished.

Grand Total: 243 creatures vanquished

Notes
Turn   | Place    | Note
-------+----------+-------------------------------------------
     0 | D:1      | Peloso the Minotaur Fighter began the quest for the Orb.
     0 | D:1      | Reached XP level 1. HP: 19/19 MP: 0/0
   238 | D:1      | Reached XP level 2. HP: 27/27 MP: 1/1
   735 | D:2      | Noticed Natasha
   740 | D:2      | Killed Natasha
   741 | D:2      | Reached XP level 3. HP: 17/33 MP: 2/2
   951 | D:1      | Reached skill level 3 in Long Blades
  1125 | D:2      | Reached XP level 4. HP: 21/40 MP: 3/3
  1463 | D:2      | Noticed Natasha
  1466 | D:2      | Killed Natasha
  1467 | D:2      | Reached skill level 4 in Long Blades
  1663 | D:2      | Found a faded altar of an unknown god.
  1851 | D:2      | Noticed Natasha
  1858 | D:2      | Killed Natasha
  1859 | D:2      | Reached skill level 5 in Armour
  1859 | D:2      | Reached XP level 5. HP: 37/47 MP: 4/4
  2192 | D:3      | Noticed Terence
  2202 | D:3      | Killed Terence
  2594 | D:3      | Reached skill level 5 in Long Blades
  3023 | D:4      | Noticed a black bear
  3030 | D:4      | Killed a black bear
  3031 | D:4      | Reached XP level 6. HP: 52/53 MP: 5/5
  3316 | D:4      | Reached skill level 6 in Long Blades
  3541 | D:4      | Found a staircase to the Ecumenical Temple.
  3831 | Temple   | Entered the Ecumenical Temple
  3873 | Temple   | Became a worshipper of Warmaster Okawaru
  3946 | D:4      | Identified the +5 dagger "Qon Caku" {freeze, SInv Stlth+}
  3996 | D:4      | Reached XP level 7. HP: 59/60 MP: 6/6
  4267 | D:4      | Reached skill level 1 in Dodging
  4311 | D:5      | Entered Level 5 of the Dungeon
  4352 | D:5      | Noticed Ijyb
  4378 | D:5      | Killed Ijyb
  4589 | D:5      | Reached skill level 5 in Shields
  4740 | D:5      | Reached skill level 7 in Long Blades
  4866 | D:5      | Reached skill level 5 in Fighting
  5180 | D:5      | Reached * piety under Okawaru
  5259 | D:6      | Reached skill level 1 in Short Blades
  5259 | D:6      | Reached XP level 8. HP: 60/68 MP: 7/7
  5347 | D:6      | Noticed Eustachio
  5370 | D:6      | Killed Eustachio
  5558 | D:6      | Noticed Grinder
  5560 | D:6      | Paralysed by Grinder for 2 turns
  5570 | D:6      | Paralysed by Grinder for 4 turns
  5577 | D:6      | Killed Grinder
  5678 | D:6      | Reached skill level 1 in Stealth
  5700 | D:6      | Reached ** piety under Okawaru
  5939 | D:6      | Found a hazy altar of Hepliaklqana.
  6097 | D:6      | Reached skill level 8 in Long Blades
  6159 | D:7      | Reached XP level 9. HP: 75/75 MP: 8/8
  6218 | D:7      | Found a flagged portal.
  6278 | Bailey   | Entered a bailey
  6360 | Bailey   | Reached skill level 9 in Long Blades
  6365 | Bailey   | Reached *** piety under Okawaru
  6625 | Bailey   | Noticed Prince Ribbit
  6653 | Bailey   | Killed Prince Ribbit
  6689 | Bailey   | Noticed a vault guard
  6701 | Bailey   | Killed a vault guard
  6701 | Bailey   | Received a gift from Okawaru
  6702 | Bailey   | Reached skill level 10 in Long Blades
  6702 | Bailey   | Reached skill level 10 in Armour
  6702 | Bailey   | Reached skill level 1 in Invocations
  6702 | Bailey   | Reached XP level 10. HP: 78/86 MP: 6/9
  6746 | Bailey   | Noticed a vault guard
  6758 | Bailey   | Killed a vault guard
  6758 | Bailey   | Reached **** piety under Okawaru
  6852 | Bailey   | Reached skill level 11 in Long Blades
  7116 | Bailey   | Identified a scroll of acquirement
  7439 | D:7      | Noticed Joseph
  7458 | D:7      | Killed Joseph
  8753 | D:8      | Found Dizeher's Self-Improvement Boutique.
  8776 | D:8      | Reached ***** piety under Okawaru
  9208 | D:8      | Noticed Pikel
  9234 | D:8      | Killed Pikel
  9235 | D:8      | Reached XP level 11. HP: 94/94 MP: 11/11
  9591 | D:9      | Noticed a two-headed ogre
  9598 | D:9      | Killed a two-headed ogre
  9599 | D:9      | Reached skill level 12 in Long Blades
  9763 | D:9      | Found the +5 robe of Misfortune {Harm *Corrode *Slow EV+5}
  9802 | D:9      | Noticed a two-headed ogre
  9810 | D:9      | Killed a two-headed ogre
  9810 | D:9      | Identified the +2 hat "Daops" {Int+3 Slay+2} (Okawaru
                  | gifted it to you on level 9 of the Dungeon)
  9810 | D:9      | Received a gift from Okawaru
  9986 | D:9      | You fall into a shaft and drop 3 floors!
 10005 | D:12     | Found a staircase to the Orcish Mines.
 10168 | D:12     | Noticed a two-headed ogre
 10168 | D:12     | Noticed a two-headed ogre
 10168 | D:12     | Noticed a two-headed ogre
 10168 | D:12     | Noticed an ogre mage
 10178 | D:12     | Killed a two-headed ogre
 10179 | D:12     | Reached skill level 13 in Long Blades
 10181 | D:12     | Noticed a two-headed ogre
 10188 | D:12     | Killed an ogre mage
 10217 | D:12     | Noticed a two-headed ogre
 10232 | D:12     | HP: 2/95 [two-headed ogre/+0 giant club (13)]
 10233 | D:12     | Killed a two-headed ogre
 10234 | D:12     | Slain by a vampire mosquito

Illustrated notes

Levels and vault maps discovered:
D:1:      saegor_arrival_miasma, layout_basic, minmay_misc_feat_four_crosses
D:2:      layout_loops_ring, shapermc_ecumenical_altar_acropolis,
          minmay_pentomino_p2, uniq_natasha
D:3:      layout_loops_ring, wad_woods_river_04, minmay_misc_feat_rows,
          uniq_terence
D:4:      layout_basic, minmay_temple_entry_offerings, serial_bayou_ford_a,
          patterned_corridor
D:5:      layout_loops_cross, uniq_ijyb
D:6:      layout_rooms, mainiacjoe_overflow_tiny_flanked, grunt_ministairs_7,
          uniq_grinder, uniq_eustachio
D:7:      layout_basic, enter_bailey_3, uniq_joseph
D:8:      layout_basic, nicolae_shop_self_help, uniq_pikel
D:9:      layout_loops_ring, chequers_serial_rivers_small_a,
          minmay_quadrilaterals, uniq_prince_ribbit1, uniq_grum
D:12:     minmay_cut_squares, layout_loops_corners, minmay_orc_entry_guard_dogs,
          serial_glass, glass_columns_a, glass_columns_a, glass_columns_c,
          glass_columns_a, nicolae_ru_path_of_blood
Temple:   grunt_wide_crystal_templ

Skill      XL: |  1  2  3  4  5  6  7  8  9 10 11 |
---------------+----------------------------------+-----
Armour         | 4 5 7 8 10 11 12 | 12.8
Fighting       | 4 5 6 7 8 |  8.9
Shields        | 4 5 7 8 |  8.4
Long Blades    | 3 4 5 6 7 8 10 11 13 | 13.4
Dodging        | 1 2 3 |  3.3
Short Blades   | 1 3 |  3.9
Stealth        | 1 |  1.6
Invocations    | 1 2 3 |  3.2
Evocations     | |  0.8

Action                   |  1- 3 |  4- 6 |  7- 9 | 10-12 || total
-------------------------+-------+-------+-------+-------++-------
Melee: Long sword        |    49 |   162 |     4 |       ||   215
       Headbutt          |     7 |    28 |    63 |    77 ||   175
       Dagger            |       |       |    93 |       ||    93
       Falchion          |       |       |   180 |   320 ||   500
Invok: Heroism           |       |       |     6 |     8 ||    14
Evoke: Wand              |       |       |     4 |       ||     4
  Use: Scroll            |       |     3 |     5 |     8 ||    16
       Potion            |       |     1 |       |     3 ||     4
Armor: Scale mail        |    20 |    25 |       |       ||    45
       Chain mail        |       |    45 |    36 |       ||    81
       Plate armour      |       |       |    65 |   160 ||   225
Dodge: Dodged            |    29 |    53 |    63 |   116 ||   261
Block: Buckler           |     5 |    36 |    70 |    61 ||   172
